 Dungeon Crawl Stone Soup version 0.21-a0-528-gf531e82 (webtiles) character file.

119 Nirn the Chopper (level 4, -1/33 HPs)
             Began as a Demonspawn Gladiator on Dec 9, 2017.
             Succumbed to an adder's poison
             ... on level 3 of the Dungeon.
             The game lasted 00:08:19 (2216 turns).

Nirn the Chopper (Demonspawn Gladiator)             Turns: 2216, Time: 00:08:20

Health: -1/33      AC:  8    Str: 16    XL:     4   Next: 74%
Magic:  4/4        EV:  7    Int:  9    God:
Gold:   152        SH:  0    Dex: 14    Spells: 3/3 levels left

rFire    . . .     SeeInvis .   a - +1 war axe
rCold    . . .     Gourm    .   (no shield)
rNeg     . . .     Faith    .   c - +0 chain mail
rPois    .         Spirit   .   (helmet restricted)
rElec    .         Reflect  .   (no cloak)
rCorr    .         Harm     .   (no gloves)
MR       .....                  (no boots)
Stlth    ..........             (no amulet)
HPRegen  0.11/turn              (no ring)
MPRegen  0.09/turn              (no ring)

@: lethally poisoned (-1 -> -16)
A: horns 2, rot immunity
a: no special abilities


You were on level 3 of the Dungeon.
You were not hungry.

You visited 1 branch of the dungeon, and saw 3 of its levels.

You collected 152 gold pieces.

Inventory:

Hand Weapons
 a - a +1 war axe (weapon)
Missiles
 d - 3 throwing nets (quivered)
Armour
 b - a +0 leather armour
 c - a +0 chain mail (worn)
Jewellery
 e - an uncursed ring of see invisible {unknown}
 o - a +3 ring of intelligence {unknown}
 s - an uncursed ring of protection from magic {unknown}
 x - a +3 ring of dexterity {unknown}
Scrolls
 k - 2 scrolls of remove curse
 m - a scroll of teleportation
 p - 3 scrolls of identify {unknown}
 y - 2 scrolls of enchant armour {unknown}
Potions
 g - 2 potions of magic
 i - a potion of berserk rage {unknown}
 j - a potion of lignification {unknown}
 n - 2 potions of curing {unknown}
 r - a potion of brilliance {unknown}
 t - a potion of degeneration {unknown}
 u - a potion of haste
 w - a potion of heal wounds {unknown}
Books
 q - a book of Misfortune

   Spells                             Type                      Level
   a - Confusing Touch                Hexes                        1
   b - Confuse                        Hexes                        3
   c - Gell's Gravitas                Translocation                3
   d - Petrify                        Transmutation/Earth          4
   e - Metabolic Englaciation         Hexes/Ice                    5
   f - Yara's Violent Unravelling     Hexes/Transmutation          5
Comestibles
 f - a bread ration
 h - 7 fruits
 l - 2 meat rations
 v - 5 chunks of flesh


   Skills:
 - Level 2.0 Fighting
 + Level 5.0 Axes
 - Level 1.7 Throwing
 - Level 2.6 Dodging


You had 3 spell levels left.
You didn't know any spells.

Dungeon Overview and Level Annotations

Branches:
Dungeon (3/15)

Altars:


Innate Abilities, Weirdness & Mutations

You have a pair of horns on your head.
You are immune to rotting.


Message History

You hit the adder but do no damage.
The adder is severely wounded.
* * * LOW HITPOINT WARNING * * *
You feel sick. The adder bites you but does no damage.
Unknown command.
You closely miss the adder.
The adder is severely wounded.
* * * LOW HITPOINT WARNING * * *
You feel sick. The adder bites you but does no damage.
The adder barely misses you.
Unknown command.
You closely miss the adder.
The adder is severely wounded.
* * * LOW HITPOINT WARNING * * *
You feel sick. The adder bites you but does no damage. The adder bites you.
* * * LOW HITPOINT WARNING * * *
You are more poisoned.
The adder poisons you!
It was a potion of magic.
Magic courses through your body.
You die...

... #..........÷†.....
....##.................
#........................
#####.................#......
#..................##.#...#..
.........#.........##.#...#..
.........#.........##.....###
.........#.........####.###
.........#..@.##........#
.........#.So.##...##########
#............##<..##........
######......†######.........
#........# ##..........
#....#...###...........
...............##............
...............#.............
##.............#.............


You could see an adder and an orc.

Vanquished Creatures
  Terence (D:2)
  3 adders
  An ooze (D:2)
  3 dart slugs
  2 leopard geckos
  4 orcs (D:3)
  4 giant cockroaches
  A hobgoblin (D:3)
  6 jackals
  3 kobolds
  2 quokkas (D:3)
  A ball python (D:1)
  7 bats
  2 frilled lizards
  6 goblins
  4 rats
50 creatures vanquished.

Notes
Turn   | Place    | Note
-------+----------+-------------------------------------------
     0 | D:1      | Nirn the Demonspawn Gladiator began the quest for the Orb.
     0 | D:1      | Reached XP level 1. HP: 16/16 MP: 1/1
   148 | D:1      | Reached skill level 3 in Axes
   275 | D:1      | Gained mutation: You have a pair of small horns on your head. [demonic ancestry]
   275 | D:1      | Reached XP level 2. HP: 22/22 MP: 2/2
   808 | D:2      | Gained mutation: You are immune to rotting. [demonic ancestry]
   808 | D:2      | Reached XP level 3. HP: 16/27 MP: 3/3
  1023 | D:2      | Reached skill level 4 in Axes
  1250 | D:2      | Noticed Terence
  1261 | D:2      | Killed Terence
  1394 | D:2      | Gained mutation: You have a pair of horns on your head. [demonic ancestry]
  1394 | D:2      | Reached XP level 4. HP: 28/33 MP: 4/4
  2107 | D:3      | Reached skill level 5 in Axes
  2215 | D:3      | HP: 1/33 [adder (2)]
  2216 | D:3      | Succumbed to an adder's poison

Vault maps used:
D:1:      lemuel_arrival_muddy
D:2:      nrook_loot_triangle, uniq_terence
D:3:      kennysheep_big_flooded_room, overflow_temple_1_default,
          portal_sewer_entry_b, grunt_decor_arrowhead

Skill      XL: |  1  2  3  4 |
---------------+-------------+-----
Axes           | 3 4 5 |  5.0
Fighting       | |  2.0
Throwing       | |  1.7
Dodging        | |  2.6

Action                   |  1- 3 |  4- 6 || total
-------------------------+-------+-------++-------
Melee: War axe           |    68 |    64 ||   132
       Headbutt          |     7 |    10 ||    17
Throw: Throwing net      |     1 |       ||     1
  Use: Scroll            |     4 |       ||     4
       Potion            |       |     1 ||     1
  Eat: Chunk             |     2 |     2 ||     4
Armor: Leather armour    |     8 |       ||     8
       Chain mail        |    32 |    34 ||    66
Dodge: Dodged            |    36 |    31 ||    67

Table legend:
 A = Spawn XP
 B = Non-spawn XP
 C = Spawn XP percentage of total XP
 D = Spawn monster count
 E = Non-spawn monster count
 F = Spawn count percentage of total count
 G = Total turns spent on level
                    A         B        C        D         E        F      G
               +---------+---------+-------+---------+---------+-------+---------
         Total |       0 |     171 |   0.0 |       0 |      50 |   0.0 |  2216
               +---------+---------+-------+---------+---------+-------+---------
           D:1 |       0 |      14 |   0.0 |       0 |      10 |   0.0 |   658
           D:2 |       0 |      97 |   0.0 |       0 |      18 |   0.0 |   905
           D:3 |       0 |      60 |   0.0 |       0 |      22 |   0.0 |   653
               +---------+---------+-------+---------+---------+-------+---------
